 Dungeon Crawl Stone Soup version 0.17-a0-1105-gbe8b664 (webtiles) character file.

125 Hanyuu the Insei (level 5, -5/33 HPs)
             Began as an Octopode Transmuter on May 22, 2015.
             Killed by divine providence
             ... invoked by an orc priest
              (10 damage)
             ... on level 3 of the Dungeon.
             The game lasted 00:05:52 (1652 turns).

Hanyuu the Insei (Octopode Transmuter)              Turns: 1652, Time: 00:05:53

Health: -5/33      AC:  2    Str: 10    XL:     5   Next: 9%
Magic:  4/8        EV: 19    Int: 16    God:
Gold:   115        SH:  0    Dex: 17    Spells: 3 memorised, 2 levels left

rFire  . . .     SeeInvis .       - Unarmed
rCold  . . .     Clarity  .     (shield currently unavailable)
rNeg   . . .     SustAb   .     (helmet currently unavailable)
rPois  x         Gourm    .     (no amulet)
rElec  .         Spirit   .     (no ring)
rCorr  .         Warding  .     (no ring)
rMut   .         Stasis   .     (no ring)
MR     .....                    (no ring)
Stlth  ++........               (no ring)
                                (no ring)
                                (no ring)
                                (no ring)

@: spider-form (expiring), not resistant to hostile enchantments, unstealthy
A: almost no armour, amphibious, 8 rings, (constrict 8), (camouflage 0),
(gelatinous body 0)
a: End Transformation


You were on level 3 of the Dungeon.
You were hungry.
You were a venomous arachnid creature.
You visited 1 branch of the dungeon, and saw 3 of its levels.

You collected 115 gold pieces.

Inventory:

Hand weapons
 a - a +0 hunting sling
Missiles
 i - 18 exploding sling bullets
 j - 36 arrows
 k - 42 sling bullets
Armour
 p - a +1 hat (melded)
Scrolls
 d - a scroll of random uselessness
 e - a scroll of fog
 f - 4 scrolls of identify
 h - a scroll of teleportation
 l - a scroll of blinking {unknown}
Potions
 m - a potion of heal wounds
 n - a potion of agility
Books
 b - a book of Changes

   Spells                             Type                      Level
   a - Beastly Appendage              Transmutation                1
   b - Sticks to Snakes               Transmutation                2
   c - Spider Form                    Transmutation/Poison         3
   d - Ice Form                       Ice/Transmutation            4
   e - Blade Hands                    Transmutation                5
Comestibles
 c - 2 bread rations
 g - 3 chunks of flesh


   Skills:
 - Level 1.0 Fighting
 - Level 2.0 Dodging
 + Level 5.3 Unarmed Combat
 - Level 2.0 Spellcasting
 + Level 2.6 Transmutations


You had 2 spell levels left.
You knew the following spells:

 Your Spells              Type           Power        Failure   Level  Hunger
a - Beastly Appendage     Trmt           ##....       24%         1    #......
b - Sticks to Snakes      Trmt           ##........   28%         2    ###....
c - Spider Form           Trmt/Pois      #.........   61%         3    ###....


Dungeon Overview and Level Annotations

Branches:
Dungeon (3/15)

Altars:
Sif Muna
The Shining One


Innate Abilities, Weirdness & Mutations

You cannot wear most types of armour.
You are amphibious.
You can wear up to eight rings at the same time.
((You can use your tentacles to constrict eight enemies at once.))
((Your skin changes colour to match your surroundings (Stealth).))
((Your rubbery body absorbs attacks (AC +1).))


Message History

Natasha casts a spell.
You barely miss Natasha.
Your transformation is almost over.
The orc priest closely misses you.
Natasha stares at you and mumbles some strange words.
You resist with some effort.
You bite Natasha!
Natasha is poisoned.
Natasha is severely wounded.
Natasha claws you.
* * * LOW HITPOINT WARNING * * *
The orc priest misses you.
You hit Natasha.
You kill Natasha!
Natasha screams in fury as she dies!
You have reached level 5!
You feel stronger.
The crimson imp disappears in a puff of smoke!
The orc priest calls down the wrath of Beogh upon you.
Something smites you!
You die...

≈*,,,,,,,*,,,,,,,...# #.###
**,,,,,,,*,***+**#..# #.# #
,,,,,,,,,,,* *,* #..# ###.###
*******,,,,###.###..# #......
*,,,,'Zo_###..# #.#.###
*,,,,***,**#..#### #.#...#
*******,,,,* #,* #.....####'###.#
,,,,,,,,,..###'###.............>#
*********#.....ls..##..........##
#####.o§#.............#
##.#####.#.#......# #.**
#..#.#....####
#.,*##....###....<# ##,*#.†<###
#.##### *,,###†# #.# **,* #)# #.#
*,* #.# #.#


You could see an orc priest and a giant newt.

Vanquished Creatures
  Natasha (D:3)
  4 adders
  An ooze (D:1)
  A worm (D:2)
  2 giant geckos
  4 goblins
  7 hobgoblins
  10 kobolds
  6 bats
  A giant cockroach (D:2)
  6 giant newts
  9 jackals
  3 rats
55 creatures vanquished.

Notes
Turn   | Place    | Note
--------------------------------------------------------------
     0 | D:1      | Hanyuu the Octopode Transmuter began the quest for the Orb.
     0 | D:1      | Reached XP level 1. HP: 13/13 MP: 3/3
   145 | D:1      | Reached XP level 2. HP: 9/18 MP: 5/5
   383 | D:1      | Reached skill level 4 in Unarmed Combat
   484 | D:2      | Reached XP level 3. HP: 23/23 MP: 6/6
   488 | D:2      | Learned a level 2 spell: Sticks to Snakes
   492 | D:2      | Learned a level 3 spell: Spider Form
  1025 | D:2      | Found a deep blue altar of Sif Muna.
  1154 | D:2      | Reached XP level 4. HP: 15/28 MP: 7/7
  1531 | D:2      | Reached skill level 5 in Unarmed Combat
  1641 | D:3      | Found a glowing golden altar of the Shining One.
  1645 | D:3      | Noticed Natasha
  1652 | D:3      | Killed Natasha
  1652 | D:3      | Reached XP level 5. HP: 5/33 MP: 4/8
  1652 | D:3      | Killed from afar by an orc priest

Vault maps used:
D:1:      lemuel_arrival_funnel
D:2:      old_standard_altar, first_bread, minivault_14, grunt_ministairs_10
D:3:      lemuel_doored_altar, elyvilon_altar_4, uniq_sigmund, uniq_jessica,
          uniq_natasha

Action                   |  1- 3 |  4- 6 || total
-------------------------+-------+-------++-------
Melee: Unarmed           |    76 |    38 ||   114
 Fire: Hunting sling     |       |     3 ||     3
 Cast: Beastly Appendage |     5 |     2 ||     7
       Spider Form       |       |     1 ||     1
  Use: Scroll            |     8 |     1 ||     9
 Stab: Sleeping          |     5 |     1 ||     6
       Distracted        |       |     1 ||     1
  Eat: Chunk             |     1 |     1 ||     2
